 Dungeon Crawl Stone Soup version 0.30.1-9-gdf580d7c3d (webtiles) character file.

Game seed: 16296970320953034853

3 croobank the Covert (level 1, -5/23 HPs)
             Began as a Gnoll Delver on Sept 26, 2023.
             Slain by a water moccasin (7 damage)
             ... on level 5 of the Dungeon.
             The game lasted 00:02:06 (166 turns).

croobank the Covert (Gnoll Delver)                   Turns: 166, Time: 00:02:07

Health: -5/23      AC:  3    Str: 11    XL:     1   Next: 50%
Magic:  1/1        EV: 13    Int:  9    God:
Gold:   30         SH:  0    Dex: 13    Spells: 0/0 levels left

rFire   . . .        a - +0 short sword
rCold   . . .        (no shield)
rNeg    . . .        b - +0 leather armour
rPois   .            (no helmet)
rElec   .            (no cloak)
rCorr   .            (no gloves)
SInv    .            (no boots)
Will    .....        (no amulet)
Stlth   ++++         (no ring)
HPRegen 0.23/turn    (no ring)
MPRegen 0.07/turn

%: no passive effects
@: lethally poisoned (-5 -> -13), attractive
A: fangs 1, strong nose, distributed training
a: no special abilities


You were on level 5 of the Dungeon.
You visited 1 branch of the dungeon, and saw 2 of its levels.

You collected 30 gold pieces.

Inventory:

Hand Weapons
 a - a +0 short sword (weapon)
Armour
 b - a +0 leather armour (worn)
Wands
 g - a wand of digging (2)
Scrolls
 c - a scroll of fog


   Skills:
 + Level 6.4 Fighting
 + Level 4.4 Short Blades
 + Level 0.0 Long Blades
 + Level 0.0 Axes
 + Level 0.0 Maces & Flails
 + Level 0.0 Polearms
 + Level 0.0 Staves
 + Level 0.0 Ranged Weapons
 + Level 0.0 Throwing
 + Level 0.0 Armour
 + Level 4.4 Dodging
 + Level 9.5 Stealth
 + Level 0.0 Shields
 + Level 0.0 Unarmed Combat
 + Level 0.0 Spellcasting
 + Level 0.0 Conjurations
 + Level 0.0 Hexes
 + Level 0.0 Summonings
 + Level 0.0 Necromancy
 + Level 0.0 Translocations
 + Level 0.0 Transmutations
 + Level 0.0 Fire Magic
 + Level 0.0 Ice Magic
 + Level 0.0 Air Magic
 + Level 0.0 Earth Magic
 + Level 0.0 Poison Magic
 + Level 0.1 Invocations
 + Level 0.0 Evocations


You couldn't memorise any spells.
You didn't know any spells.
Your spell library was empty.

Dungeon Overview and Level Annotations

Branches:
Dungeon (6/15)
 Temple: D:4-7

Altars:

Shops:
D:5 *

Portals:
Ossuary: D:6


Innate Abilities, Weirdness & Mutations

You have very sharp teeth.
Your uncanny sense of smell can sniff out nearby items.
Your experience applies equally to all skills.


Message History

A rock wall.
The rock shatters into small pieces.
The adder misses you. The adder bites you. The adder attacks as you move away!
The adder bites you.
A water moccasin comes into view.
Found a scroll labelled INIKHL LA ISIJA.
Found 18 gold pieces.
The water moccasin hisses angrily.
The adder misses you. The adder attacks as you move away!
The adder closely misses you.
A quokka comes into view.
The adder attacks as you move away! The adder closely misses you.
Found a stone staircase leading up.
The water moccasin bites you.
You are poisoned.
The water moccasin poisons you! The adder attacks as you move away!
The adder bites you but does no damage.
You feel very sick. The water moccasin bites you.
It was a potion of attraction.
You feel attractive to monsters.
You feel very sick. The adder barely misses you.
The water moccasin closely misses you. The adder bites you.
* * * LOW HITPOINT WARNING * * *
You are more poisoned.
The adder poisons you!
The ball python bites you but does no damage.
The ball python grabs you. The ball python constricts you.
The quokka is attracted toward you.
You catch the helpless quokka completely off-guard!
You puncture the quokka!
You kill the quokka!
* * * LOW HITPOINT WARNING * * *
You feel sick.
The adder seems to regain its courage.
The water moccasin bites you but does no damage.
The adder barely misses you.
You hit the ball python.
You kill the ball python!
* * * LOW HITPOINT WARNING * * *
You feel sick. The water moccasin bites you!
You die...

*******,,,,,,,,,,*,#...,,,...
*,,,,,,,,,,,,,,,**,#..#####..
*,,,,.,,*,,,,,,***,#..#S.S#..
*,,,,..,+,,,,,,,,,,#.)'.S.+..
*,,,,...*****#####*#.)#...#..
*,,,,....,,* #...# #..#####..
*,,,,.<...,* #...# #.........
*,,,,......###..?###S........
*,,,,.......@.S..##.S........
*,,,,....$..SS...#.#.........
*****.....ยง.......##....[....
*...######...########....
*..,* ##.## #.... *.,,* #.##
#.... *,,,* #.# #.... *,,,* ##
#(... *,,,* #....


You could see a water moccasin, an adder and a ball python.

Vanquished Creatures
  An orc (D:5)
  A quokka (D:5)
  A ball python (D:5)
3 creatures vanquished.

Notes
Turn   | Place    | Note
-------+----------+-------------------------------------------
     0 | D:5      | Reached skill level 9 in Stealth
     0 | D:5      | croobank the Gnoll Delver began the quest for the Orb.
     0 | D:5      | Reached XP level 1. HP: 23/23 MP: 1/1
    28 | D:6      | Found a sand-covered staircase.
   146 | D:5      | Found Gijomyen's Serpentskin Sales.
   146 | D:5      | Noticed a water moccasin
   158 | D:5      | Noticed a water moccasin
   166 | D:5      | Slain by a water moccasin

Illustrated notes

Levels and vault maps discovered:
D:5:      layout_basic, serial_shops, nicolae_shop_rolling_square,
          guppyfry_shop_venom, uniq_menkaure
D:6:      layout_rooms, nicolae_hepliaklqana_monster_ancestors,
          mainiacjoe_overflow_large_starburst, gup_ossuary_entry_pyramid

Skill      XL: | |
---------------+-+-----
Stealth        | |  9.5
Fighting       | |  6.4
Short Blades   | |  4.4
Dodging        | |  4.4
Invocations    | |  0.1

Action                     || total
---------------------------++-------
  Melee: Short sword       ||     9
  Evoke: Wand              ||     1
    Use: Scroll            ||     2
         Potion            ||     2
   Stab: Distracted        ||     1
         Sleeping          ||     1
 Armour: Leather armour    ||     3
  Dodge: Dodged            ||    14
